 Dungeon Crawl Stone Soup version 0.31-a0-692-gf03d1854d5 (webtiles) character file.

Game seed: 10289410132761009640

268 qw the Shooter (level 6, -2/38 HPs)
             Began as a Gargoyle Hunter on Sept 6, 2023.
             Slain by an orc wizard
             ... wielding a +2 dagger of speed
              (4 damage)
             ... on level 3 of the Dungeon.
             The game lasted 00:01:11 (2586 turns).

qw the Shooter (Gargoyle Hunter)                    Turns: 2586, Time: 00:01:11

Health: -2/38      AC:  9    Str: 15    XL:     6   Next: 21%
Magic:  6/6        EV: 11    Int:  9    God:
Gold:   182        SH:  0    Dex: 15    Spells: 5/5 levels left

rFire   . . .        j - +0 orcbow
rCold   . . .        (shield currently unavailable)
rNeg    + . .        h - +0 ring mail
rPois   inf          (no helmet)
rElec   +            (no cloak)
rCorr   .            (no gloves)
SInv    .            (no boots)
Will    .....        f - amulet of faith
Stlth   +            (no ring)
HPRegen 0.26/turn    (no ring)
MPRegen 0.10/turn

%: faith
@: no status effects
A: sickness immunity, AC +4, negative energy resistance 1, electricity
resistance, torment resistance 1, petrification resistance
a: no special abilities


You were on level 3 of the Dungeon.
You visited 1 branch of the dungeon, and saw 3 of its levels.

You collected 182 gold pieces.


Innate Abilities, Weirdness & Mutations

You are immune to sickness and miasma.
Your stone body is resilient. (AC +4)
You are immune to poison.
You resist negative energy. (rN+)
You are resistant to electric shocks. (rElec)
You are resistant to unholy torment.
You are immune to petrification.


   Skills:
 - Level 4.0 Fighting
 + Level 6.4 Ranged Weapons
 - Level 1.0 Armour
 - Level 1.5 Dodging
 - Level 1.1 Stealth


You had 5 spell levels left.
You didn't know any spells.
Your spell library was empty.

Inventory:

Hand Weapons
 j - a +0 orcbow (weapon)
Armour
 h - a +0 ring mail (worn)
Jewellery
 b - a +6 ring of strength
 f - an amulet of faith (around neck)
Scrolls
 d - a scroll of identify {unknown}
 e - 3 scrolls of teleportation
 g - a scroll of amnesia {unknown}
 n - a scroll of revelation {unknown}
 o - a scroll of vulnerability {unknown}
Potions
 a - a potion of mutation {unknown}
 c - a potion of lignification {unknown}
 i - a potion of haste {unknown}
 k - a potion of berserk rage {unknown}
 l - a potion of degeneration {unknown}
 m - a potion of ambrosia {unknown}

Dungeon Overview and Level Annotations

Branches:
Dungeon (3/15)

Altars:
Ru

Annotations:
D:3 1 runed translucent door, Crazy Yiuf


Message History

You shoot an arrow. Something hits you but does no damage.
You hear some strange, mumbled words.
A magic dart appears from out of thin air!
The magic dart hits you.
You shoot an arrow. Something hits you.
You shoot an arrow.
Something hits you but does no damage. x2
You shoot an arrow. Something hits you. x2
You shoot an arrow. Something hits you. x2
You shoot an arrow.
Something hits you but does no damage. x2
You shoot an arrow. Something hits you but does no damage.
You hear some strange, mumbled words.
Something tries to affect you, but you resist.
You shoot an arrow. Something hits you but does no damage.
You shoot an arrow. Something completely misses you.
You hear some strange, mumbled words.
Something tries to affect you, but you resist.
You shoot an arrow.
Something hits you but does no damage. x2
You shoot an arrow. Something hits you. Something hits you but does no damage.
You shoot an arrow. Something hits you.
You shoot an arrow.
You hear some strange, mumbled words.
A magic dart appears from out of thin air!
The magic dart hits you! Something hits you but does no damage.
You shoot an arrow.
Something hits you but does no damage. x2
You shoot an arrow. Something hits you.
You die...

#)# #.##.#.#####
#.# #>##.#......
#.#####
#.##.######.
#.)...# #..#.# #.
#####.# ##.#.# #.
#.# #.#.# #. #.#
#.#.# #.
###.#########
#.#.#### #.
#####.........@{#
#.#....###.
#.....#.#######.#
#......##.. #
#######.# )#
###..<.##.. # #.#
)# #.#.....% #
#.## .# #.######.
# #..# .. #.# ##
# ##.# .. #.# #
#.# .. ..#######
#.# ####%....


There were no monsters in sight!

Vanquished Creatures
  2 orc priests (D:3)
  An iguana (D:3)
  An orc wizard (D:3)
  4 adders (D:2)
  4 gnolls (D:3)
  3 worms
  A dart slug (D:1)
  4 orcs (D:3)
  3 endoplasms (D:1)
  4 giant cockroaches
  7 goblins
  2 hobgoblins
  4 jackals (D:2)
  8 kobolds
  3 quokkas
  4 ball pythons
  9 bats
  5 frilled lizards
  6 rats
75 creatures vanquished.

Notes
Turn   | Place    | Note
-------+----------+-------------------------------------------
     0 | D:1      | qw the Gargoyle Hunter began the quest for the Orb.
     0 | D:1      | Reached XP level 1. HP: 12/12 MP: 1/1
     0 | D:1      | 0 ||| qw: Version: 0.3-a-76-g4403597
     0 | D:1      | 0 ||| qw: Game counter: 334
     0 | D:1      | 0 ||| qw: Melee chars always use a shield: true
     0 | D:1      | 0 ||| qw: God list: Okawaru
     0 | D:1      | 0 ||| qw: Allow faded altars: false
     0 | D:1      | 0 ||| qw: Do Orc after clearing Dungeon:15 true
     0 | D:1      | 0 ||| qw: Do second Lair branch before Depths: true
     0 | D:1      | 0 ||| qw: Lair rune preference: random
     0 | D:1      | 0 ||| qw: Goals: Normal
     0 | D:1      | 0 ||| PLANNING D:1-11
   149 | D:1      | Reached XP level 2. HP: 16/17 MP: 2/2
   560 | D:1      | Reached XP level 3. HP: 21/21 MP: 3/3
   865 | D:1      | Found a faded altar of an unknown god.
   882 | D:1      | 882 ||| UPGRADING to +0 ring mail.
   892 | D:1      | 892 ||| DROPPING +0 leather armour.
   893 | D:1      | 893 ||| UPGRADING to amulet of faith.
   898 | D:1      | 898 ||| READING 2 scrolls labelled CEOPUA ZESOG.
   899 | D:1      | 899 ||| READING 2 scrolls labelled UJEUJE XORPHA.
   904 | D:1      | 904 ||| READING scroll labelled NEPLAO KOPHE.
   905 | D:1      | 905 ||| DROPPING scroll of noise.
   906 | D:1      | 906 ||| DROPPING scroll of butterflies.
  1029 | D:2      | Reached skill level 1 in Armour
  1041 | D:2      | Reached skill level 5 in Ranged Weapons
  1195 | D:2      | 1195 ||| Stepping ~*~*~tactically~*~*~ (outnumbered).
  1214 | D:2      | Reached XP level 4. HP: 21/27 MP: 4/4
  1222 | D:2      | Reached skill level 3 in Fighting
  1631 | D:2      | 1631 ||| READING scroll labelled NOOPOM BIGIONT.
  1632 | D:2      | 1632 ||| READING scroll labelled XOSHRO GUCROE.
  1633 | D:2      | 1633 ||| DRINKING 3 dark potions.
  1634 | D:2      | 1634 ||| DRINKING 2 blue potions.
  1635 | D:2      | 1635 ||| DROPPING 2 potions of brilliance.
  1724 | D:3      | 1724 ||| RETREATING.
  1729 | D:3      | 1729 ||| Stepping ~*~*~tactically~*~*~ (retreating).
  1730 | D:3      | 1730 ||| Stepping ~*~*~tactically~*~*~ (retreating).
  1739 | D:3      | Reached XP level 5. HP: 21/32 MP: 5/5
  1875 | D:3      | 1875 ||| Stepping ~*~*~tactically~*~*~ (outnumbered).
  1879 | D:3      | Reached skill level 6 in Ranged Weapons
  1937 | D:3      | 1937 ||| DRINKING potion of curing.
  1937 | D:3      | 1937 ||| (to cure confusion)
  1940 | D:3      | 1940 ||| Stepping ~*~*~tactically~*~*~ (outnumbered).
  2015 | D:3      | Reached XP level 6. HP: 12/38 MP: 6/6
  2271 | D:3      | 2271 ||| SWAPPING to +0 orcbow.
  2277 | D:3      | 2277 ||| DROPPING +0 shortbow.
  2391 | D:3      | Found a sacrificial altar of Ru.
  2499 | D:3      | Found a runed translucent door.
  2500 | D:3      | Noticed Crazy Yiuf
  2583 | D:3      | HP: 8/38 [something (3)]
  2584 | D:3      | HP: 1/38 [something/magic dart (7)]
  2586 | D:3      | Slain by an orc wizard

Levels and vault maps discovered:
D:1:      dpeg_chamrin_arrival_tetris, layout_basic,
          hellmonk_ecumenical_altar_defaced_shrine
D:2:      layout_basic
D:3:      layout_loops_ring, lemuel_doored_altar, uniq_crazy_yiuf_cottage

Skill      XL: |  1  2  3  4  5 |
---------------+----------------+-----
Armour         | 1 |  1.0
Ranged Weapons | 5 6 |  6.4
Fighting       | 3 4 |  4.0
Dodging        | |  1.5
Stealth        | |  1.1

Action                     |  1- 3 |  4- 6 || total
---------------------------+-------+-------++-------
   Fire: Shortbow          |   135 |   112 ||   247
         Orcbow            |       |    64 ||    64
    Use: Scroll            |     3 |     2 ||     5
         Potion            |       |     3 ||     3
 Armour: Leather armour    |    21 |       ||    21
         Ring mail         |    54 |    96 ||   150
  Dodge: Dodged            |    67 |    69 ||   136

Table legend:
 A = Non-vault XP
 B = Vault XP
 C = Vault XP percentage of total XP
 D = Non-vault monster count
 E = Vault monster count
 F = Vault count percentage of total count
                 A         B        C        D         E       F
            +---------+---------+-------+---------+---------+-------
      Total |     380 |       3 |   0.8 |      73 |       2 |   2.7
            +---------+---------+-------+---------+---------+-------
        D:1 |      35 |       3 |   7.9 |      20 |       2 |   9.1
        D:2 |      88 |       0 |   0.0 |      23 |       0 |   0.0
        D:3 |     257 |       0 |   0.0 |      30 |       0 |   0.0
            +---------+---------+-------+---------+---------+-------
